 Dungeon Crawl Stone Soup version 0.31-a0-18-gea43df2a32 (webtiles) character file.

Game seed: 11314056558969668443

63 IdlyInterested the Covered (level 3, 0/30 HPs)
             Began as a Demonspawn Wanderer on May 9, 2023.
             Slain by an orc priest
             ... wielding a +0 dagger
              (1 damage)
             ... on level 3 of the Dungeon.
             The game lasted 00:05:01 (1844 turns).

IdlyInterested the Covered (Demonspawn Wanderer)    Turns: 1844, Time: 00:05:01

Health: 0/30       AC:  9    Str: 12    XL:     3   Next: 87%
Magic:  4/4        EV: 10    Int: 18    God:
Gold:   127        SH:  0    Dex: 12    Spells: 3/4 levels left

rFire   . . .        q - +0 mace "Nageihom" {drain, Int+3}
rCold   . . .        (no shield)
rNeg    . . .        c - +0 ring mail
rPois   .            l - +1 helmet
rElec   .            (no cloak)
rCorr   .            (no gloves)
SInv    .            (no boots)
Will    .....        (no amulet)
Stlth   +            (no ring)
HPRegen 0.25/turn    (no ring)
MPRegen 0.09/turn

%: no passive effects
@: no status effects
A: claws 1, rugged brown scales 1
a: no special abilities


You were on level 3 of the Dungeon.
You visited 1 branch of the dungeon, and saw 3 of its levels.

You collected 127 gold pieces.

Inventory:

Hand Weapons
 a - a +2 dagger
 f - a +0 short sword
 q - the +0 mace "Nageihom" (weapon) {drain, Int+3}
   (You found it on level 2 of the Dungeon)

   Int:       It affects your intelligence (+3).
Missiles
 g - 22 stones
 h - 10 poisoned darts
Armour
 c - a +0 ring mail (worn)
 l - a +1 helmet (worn)
Jewellery
 p - a ring of resist corrosion
Scrolls
 b - a scroll of blinking
 d - a scroll of teleportation
 e - a scroll of brand weapon {unknown}
 k - a scroll of vulnerability {unknown}
 n - a scroll of silence {unknown}
 r - a scroll of immolation {unknown}
 s - a scroll of fog {unknown}
Potions
 i - a potion of resistance {unknown}
 j - a potion of might
 m - a potion of ambrosia
 o - a potion of flight
 t - a potion of cancellation {unknown}


   Skills:
 * Level 3.7 Fighting
 - Level 4.0 Armour
 - Level 1.7 Stealth
 + Level 0.5 Unarmed Combat
 - Level 1.0 Spellcasting
 - Level 1.0 Earth Magic


You had 3 spell levels left.
You knew the following spells:

 Your Spells              Type           Power      Damage    Failure   Level
a - Sandblast             Erth           8%         2d5       28%         1

Your spell library contained the following spells:

 Spells                   Type           Power      Damage    Failure   Level
 Apportation              Tloc           0%         N/A       38%         1
 Necrotise                Necr           0%         1d4       38%         1
 Summon Small Mammal      Summ           0%         N/A       38%         1
 Cigotuvi's Dreadful Rot  Necr/Pois/Air  0%         N/A       54%         2
 Stone Arrow              Conj/Erth      4%         3d7       71%         3
 Dazzling Flash           Conj/Hex       0%         N/A       77%         3
 Ignite Poison            Fire/Tmut/Pois 0%         N/A       77%         3
 Inner Flame              Hex/Fire       0%         N/A       77%         3
 Volatile Blastmotes      Fire/Tloc      0%         2d10      77%         3
 Iskenderun's Mystic Bla  Conj/Tloc      0%         2d3       99%         4
 Freezing Cloud           Conj/Ice/Air   0%         6-21      100%        5
 Yara's Violent Unravell  Hex/Tmut       0%         3d3       100%        5
 Starburst                Conj/Fire      0%         6d3       100%        6
 Enfeeble                 Hex            0%         N/A       100%        7


Dungeon Overview and Level Annotations

Branches:
Dungeon (3/15)

Altars:


Innate Abilities, Weirdness & Mutations

You have sharp fingernails.
You are partially covered in rugged brown scales. (AC +1, +3% HP)


Message History

You barely miss the hobgoblin.
An orc comes into view. It is wielding a +0 flail.
The hobgoblin hits you but does no damage.
You closely miss the hobgoblin.
An orc comes into view. It is wielding a +0 hand axe.
The hobgoblin barely misses you.
The hobgoblin hits you but does no damage.
The orc priest mumbles some strange prayers to Beogh against you.
Beogh smites you!
Ouch! That really hurt!
An orc comes into view. It is wielding a +1 heavy hand axe.
The orc moves out of view.
You closely miss the hobgoblin.
The orc shouts!
The orc priest hits you with a +0 dagger.
The hobgoblin barely misses you.
You hit the hobgoblin.
The hobgoblin is severely wounded.
The orc priest hits you with a +0 dagger.
The hobgoblin hits you.
The hobgoblin hits you but does no damage.
You closely miss the hobgoblin.
The hobgoblin is severely wounded.
The hobgoblin closely misses you.
You barely miss the hobgoblin.
The hobgoblin is severely wounded.
The orc priest hits you with a +0 dagger.
* * * LOW HITPOINT WARNING * * *
The orc hits you with a +0 flail.
* * * LOW HITPOINT WARNING * * *
The hobgoblin closely misses you. The orc hits you but does no damage.
You hit the hobgoblin.
The hobgoblin is almost dead.
The orc priest hits you but does no damage.
The orc hits you with a +0 club.
* * * LOW HITPOINT WARNING * * *
The hobgoblin closely misses you. The hobgoblin barely misses you.
The orc misses you.
The orc priest hits you with a +0 dagger.
You die...

......#.................
.................#.....
.......................
. .................###..
..##..!..........## #..
...............# ##..
#..........#######...
#.##..og..............#.
#....oo@...##........##.
......oo................
........>............#..
........###.##.......#..
.##.......<..........###
###.....######.....# #
#..#.## #........ ..#..#
#####..## .. #...


You could see an orc priest, 4 orcs and a hobgoblin.

Vanquished Creatures
  An adder (D:2)
  A worm (D:2)
  6 dart slugs
  An orc (D:2)
  6 ball pythons
  An endoplasm (D:2)
  A giant cockroach (D:2)
  3 goblins
  2 hobgoblins (D:1)
  3 quokkas (D:2)
  4 bats
  2 frilled lizards
  6 kobolds
37 creatures vanquished.

Notes
Turn   | Place    | Note
-------+----------+-------------------------------------------
     0 | D:1      | IdlyInterested the Demonspawn Wanderer began the quest for
                  | the Orb.
     0 | D:1      | IdlyInterested set off with the following items: a +2
                  | dagger, a scroll of blinking, a +0 ring mail, a scroll of
                  | teleportation; and the following spell memorised:
                  | Sandblast; and the following spells available to memorise:
                  | Stone Arrow.
     0 | D:1      | Reached XP level 1. HP: 16/16 MP: 2/2
   233 | D:1      | Gained mutation: You are partially covered in rugged brown
                  | scales. (AC +1, +3% HP) [demonic ancestry]
   233 | D:1      | Reached XP level 2. HP: 14/23 MP: 3/3
  1029 | D:2      | Gained mutation: You have sharp fingernails. [demonic
                  | ancestry]
  1029 | D:2      | Reached XP level 3. HP: 16/29 MP: 2/4
  1180 | D:2      | Reached skill level 4 in Armour
  1491 | D:2      | Identified the +0 mace "Nageihom" {drain, Int+3}
  1844 | D:3      | HP: 1/30 [orc/+0 club (2)]
  1844 | D:3      | Slain by an orc priest

Illustrated notes

Levels and vault maps discovered:
D:1:      matt_arrival_diagonals, layout_basic
D:2:      layout_basic
D:3:      layout_rooms

Skill      XL: |  1  2  3 |
---------------+----------+-----
Fighting       | 3 |  3.7
Armour         | 4 |  4.0
Stealth        | |  1.7
Unarmed Combat | |  0.5
Spellcasting   | |  1.0
Earth Magic    | |  1.0

Action                     || total
---------------------------++-------
  Melee: Dagger            ||   151
         Punch             ||     2
         Mace              ||    12
   Cast: Sandblast         ||     1
    Use: Scroll            ||     3
 Armour: Ring mail         ||    96
  Dodge: Dodged            ||   103

Table legend: (Time is in decaauts)
 A = Elapsed time spent in this place.
 B = Non-inter-level travel time spent in this place.
 C = Inter-level travel time spent in this place.
 D = Time resting spent in this place.
 E = Time spent auto-exploring this place.
 F = Levels seen in this place.
 G = Mean time per level.
                   A        B        C        D        E       F      G
               +--------+--------+--------+--------+--------+-----+--------+
         Total |   1849 |   1616 |    233 |    175 |    948 |   3 |  616.3 |
       Dungeon |   1849 |   1616 |    233 |    175 |    948 |   3 |  616.3 |
               +--------+--------+--------+--------+--------+-----+--------+

Top non-repeatable levels by time:
     D:1: 1157 daAuts
     D:2: 580 daAuts
     D:3: 110 daAuts
